AoeStats
← AlfredtGreat354

Arena

508729950Analyzed
3v3 RM · 10d ago on Sep 23, 2026· 50m 8s· 6 players
Game mode
Random Map
Map size
Normal (6 player)
Population
200
Speed
Normal
Resources
Standard
Victory
Conquest
Starting age
Dark Age
Ending age
Imperial Age
RankedLock teamsTeams togetherTeam positionsShared explorationLock speedFull tech treeHidden civsTurbo modeCheats
Victory
Defeat
🇮🇹 Persians · Italy
576
+7
🇨🇦 Teutons · Canada
557
+8
🇹🇷 Huns · Türkiye
546
+8
🇬🇧 Celts · United Kingdom
375
-8
🇬🇧 Khmer · United Kingdom
374
-8
🇪🇸 Spanish · Spain
342
-7
AlfredtGreat354
11:38 Feudal Age
13:01 Wheelbarrow
12:47 Horse Collar
14:32 Double-Bit Axe
14:44 Gold Mining
17:23 Bloodlines
17:28 Scale Barding Armor
17:38 Forging
19:11 Stone Mining
23:51 Castle Age
24:52 Hand Cart
24:40 Heavy Plow
24:54 Bow Saw
25:07 Chain Barding Armor
25:23 Iron Casting
28:22 Gold Shaft Mining
28:25 Stone Shaft Mining
28:23 Husbandry
41:35 Imperial Age
39:47 Fortified Wall
41:37 Heavy Scorpion
43:25 Blast Furnace
43:24 Conscription
43:13 Cavalier
carlosnour
0:51 Loom
9:53 Feudal Age
12:14 Double-Bit Axe
19:06 Castle Age
17:27 Horse Collar
19:09 Stone Mining
19:24 Gold Mining
21:08 Stone Shaft Mining
22:25 Heavy Plow
24:15 Bow Saw
39:11 Imperial Age
37:38 Inquisition
40:54 Illumination
40:42 Fervor
42:44 Elite Conquistador
43:34 Scale Barding Armor
43:35 Padded Archer Armor
44:25 Fortified Wall
44:36 Ballistics
gjaflaug
12:05 Feudal Age
14:38 Wheelbarrow
14:56 Forging
14:47 Scale Mail Armor
15:03 Loom
14:55 Man-at-Arms
17:34 Double-Bit Axe
25:06 Castle Age
23:45 Fletching
23:56 Padded Archer Armor
25:33 Gold Mining
25:14 Crossbowman
25:51 Long Swordsman
25:51 Pikeman
30:37 Iron Casting
29:58 Bodkin Arrow
30:19 Leather Archer Armor
29:58 Crossbowman
33:50 Fortified Wall
35:42 Chain Mail Armor
39:47 Hand Cart
43:47 Murder Holes
44:37 Stronghold
DAZACO
11:56 Feudal Age
13:28 Double-Bit Axe
14:24 Gold Mining
17:36 Castle Age
17:48 Wheelbarrow
17:35 Scale Mail Armor
18:32 Bow Saw
18:05 Horse Collar
22:33 Caravan
24:14 Stone Mining
24:14 Loom
24:18 Town Watch
25:43 Chain Mail Armor
27:19 Stone Shaft Mining
28:48 Forging
30:25 Hand Cart
31:25 Sanctity
31:36 Ballistics
31:12 Guard Tower
31:37 Fortified Wall
32:44 Squires
32:30 Arson
33:26 Iron Casting
37:07 Imperial Age
35:06 Ironclad
34:24 Pikeman
37:08 Onager
38:47 Plate Mail Armor
39:13 Town Patrol
40:18 Halberdier
40:33 Elite Teutonic Knight
40:49 Halberdier
44:46 Chemistry
44:22 Keep
43:54 Siege Engineers
44:02 Masonry
43:31 Siege Onager
45:16 Chemistry
45:23 Siege Engineers
45:54 Keep
45:25 Arrowslits
45:51 Siege Engineers
46:49 Blast Furnace
45:41 Fletching
Davide FIR
9:58 Feudal Age
10:29 Double-Bit Axe
12:20 Wheelbarrow
11:31 Town Watch
16:57 Horse Collar
19:22 Castle Age
20:20 Heavy Plow
20:32 Bow Saw
20:39 Hand Cart
20:25 Gold Mining
20:27 Stone Mining
24:27 Town Patrol
26:09 Gold Shaft Mining
26:16 Stone Shaft Mining
26:47 Caravan
29:48 Ballistics
29:25 Murder Holes
29:42 Masonry
29:48 Fletching
29:58 Padded Archer Armor
30:09 Forging
30:04 Scale Barding Armor
30:24 Bodkin Arrow
30:19 Loom
31:05 Crossbowman
33:04 Kamandaran
34:56 Scale Barding Armor
35:27 Iron Casting
35:08 Leather Archer Armor
35:04 Thumb Ring
36:44 Chain Barding Armor
36:26 Scale Mail Armor
35:49 Pikeman
36:29 Squires
39:43 Imperial Age
40:19 Elite War Elephant
43:56 Blast Furnace
gubii
1:49 Loom
14:00 Feudal Age
15:57 Wheelbarrow
15:10 Double-Bit Axe
15:08 Horse Collar
15:32 Gold Mining
16:48 Arson
21:24 Castle Age
19:30 Stone Mining
22:22 Bloodlines
22:21 Scale Barding Armor
23:26 Bow Saw
22:46 Pikeman
23:28 Squires
28:19 Hand Cart
30:12 Gold Shaft Mining
30:20 Ballistics
31:08 Elite Skirmisher
31:56 Marauders
32:48 Chain Barding Armor
33:40 Heavy Plow
34:38 Scale Mail Armor
34:48 Forging
34:53 Caravan
38:07 Imperial Age
38:22 Husbandry
40:49 Atheism
40:20 Halberdier
41:27 Conscription
43:07 Chemistry
43:01 Chain Mail Armor
43:17 Elite Tarkan
45:14 Parthian Tactics
46:00 Cavalier
Connection lost

Rejoining the realm…

Still unreachable

The connection could not be restored.

Session expired

The server has moved on; the page needs a fresh start.